 Dungeon Crawl Stone Soup version 0.30.0-19-g36f170ea60 (webtiles) character file.

Game seed: 14105105455803903615

18 AlmostDecent the Trooper (level 2, 26/26 HPs)
             Began as a Demigod Fighter on May 31, 2023.
             Quit the game on level 1 of the Dungeon.
             The game lasted 00:01:09 (455 turns).

AlmostDecent the Trooper (Demigod Fighter)           Turns: 455, Time: 00:01:10

Health: 26/26      AC:  6    Str: 17    XL:     2   Next: 33%
Magic:  4/4        EV:  9    Int: 10    God:
Gold:   24         SH:  4    Dex: 13    Spells: 1/1 levels left

rFire   . . .        a - +0 war axe
rCold   . . .        c - +0 buckler
rNeg    . . .        b - +0 scale mail
rPois   .            (no helmet)
rElec   .            (no cloak)
rCorr   .            (no gloves)
SInv    .            (no boots)
Will    .....        (no amulet) Stlth
                     (no ring)
HPRegen 0.24/turn    (no ring)
MPRegen 0.09/turn

%: no passive effects
@: no status effects
A: high MP 1, forlorn, divine attributes
a: no special abilities


You were on level 1 of the Dungeon.
You visited 1 branch of the dungeon, and saw 1 of its levels.

You collected 24 gold pieces.

Inventory:

Hand Weapons
 a - a +0 war axe (weapon)
Armour
 b - a +0 scale mail (worn)
 c - a +0 buckler (worn)
Scrolls
 e - 2 scrolls of vulnerability {unknown}
 f - 3 scrolls of enchant armour {unknown}
 g - a scroll of blinking {unknown}
Potions
 d - a potion of might


   Skills:
 * Level 3.0 Fighting
 * Level 2.1 Axes
 - Level 2.8 Armour
 - Level 2.8 Shields


You had one spell level left.
You didn't know any spells.
Your spell library was empty.

Dungeon Overview and Level Annotations

Branches:
Dungeon (1/15)


Innate Abilities, Weirdness & Mutations

You have an increased reservoir of magic. (+10% MP)
You shall have no god before yourself.
Your divine heritage dramatically boosts your attributes as you level up.


Message History

A giant cockroach comes into view.
You barely miss the giant cockroach. The giant cockroach closely misses you.
The giant cockroach barely misses you.
You hit the giant cockroach.
The giant cockroach is moderately wounded.
The giant cockroach closely misses you.
You closely miss the giant cockroach.
The giant cockroach is moderately wounded.
The giant cockroach bites you.
The giant cockroach bites you but does no damage.
You hit the giant cockroach but do no damage.
The giant cockroach is moderately wounded.
The giant cockroach bites you but does no damage. x2
You hit the giant cockroach.
The giant cockroach is heavily wounded.
The giant cockroach barely misses you.
The giant cockroach bites you but does no damage.
You slash the giant cockroach!
You kill the giant cockroach!
No target in view!
No target in view!
A ball python comes into view.
The ball python hisses angrily.
You slash the ball python!
You kill the ball python!
No target in view!
A bat comes into view.
You block the bat's attack.
You closely miss the bat. The bat barely misses you.
The bat closely misses you.
You closely miss the bat. You block the bat's attack.
The bat hits you but does no damage.
You slash the bat!
You kill the bat!
No target in view!
No target in view!
You now have 11 gold pieces.
You now have 24 gold pieces (gained 13).
Found an escape hatch in the floor.
Are you sure you want to abandon this character and quit the game? (Confirm with "yes".)

#.#.#.## #...#..#
..#.#.## .##...#
....#.## ##.##..#
......## #########
.###.## >......>#
..##.########
##@##########
......).....#
#...........#
..........(.#
#..#######.##
##......)...###..#
#.#
###.#...........#
#.#
#.....#######.#
#.# ###.#.# #.#
#.# #.#.# ##.# #.#
#.#.# ###..# #.#


There were no monsters in sight!

Vanquished Creatures
  2 ball pythons (D:1)
  2 giant cockroaches (D:1)
  A goblin (D:1)
  4 jackals (D:1)
  A quokka (D:1)
  3 bats (D:1)
  A frilled lizard (D:1)
  A rat (D:1)
15 creatures vanquished.

Notes
Turn   | Place    | Note
-------+----------+-------------------------------------------
     0 | D:1      | AlmostDecent the Demigod Fighter began the quest for the
                  | Orb.
     0 | D:1      | Reached XP level 1. HP: 18/18 MP: 3/3
    49 | D:1      | Reached skill level 3 in Fighting
    56 | D:1      | Reached XP level 2. HP: 16/26 MP: 4/4
   455 | D:1      | Quit the game

Illustrated notes

Levels and vault maps discovered:
D:1:      psy_arrival_radial01, layout_basic,
          nicolae_concentric_dashed_squares_wild, amcnicky_mini_corridor_feature

Skill      XL: |  1  2 |
---------------+-------+-----
Fighting       | 3 |  3.0
Axes           | 2 |  2.1
Armour         | |  2.8
Shields        | |  2.8

Action                     || total
---------------------------++-------
  Melee: War axe           ||    36
 Armour: Scale mail        ||    27
  Dodge: Dodged            ||    20
  Block: Buckler           ||    14
